 Dungeon Crawl Stone Soup version 0.20.1-1-g8b1a95d (webtiles) character file.

154 Inchmeat the Chopper (level 5, -2/67 HPs)
             Began as a Hill Orc Monk on Dec 27, 2017.
             Killed by divine providence
             ... invoked by an orc priest
              (10 damage)
             ... on level 2 of the Dungeon.
             The game lasted 00:03:20 (2439 turns).

Inchmeat the Chopper (Hill Orc Monk)                Turns: 2439, Time: 00:03:21

Health: -2/67      AC: 22    Str: 14 (15) XL:     5   Next: 35%
Magic:  5/5        EV:  2    Int:  8 (10) God:
Gold:   93         SH:  0    Dex: 10 (13) Spells: 4/4 levels left

rFire    . . .     SeeInvis .   a - +0 hand axe
rCold    . . .     Gourm    .   (no shield)
rNeg     + + +     Faith    .   (armour currently unavailable)
rPois    +         Spirit   .   (helmet currently unavailable)
rElec    .         Reflect  .   (cloak currently unavailable)
rCorr    .         Harm     .   (gloves currently unavailable)
MR       .....     NoTele   +   (boots currently unavailable)
Stlth    +.........             (no amulet)
Regen    0.3/turn               (no ring)
MPRegen  0.1/turn               (no ring)

@: tree-form, drained
A: no striking features
a: Convert to Beogh


You were on level 2 of the Dungeon.
You were very hungry.
You were a tree.
You visited 1 branch of the dungeon, and saw 3 of its levels.

You collected 93 gold pieces.

Inventory:

Hand Weapons
 a - a +0 hand axe (weapon)
Armour
 b - a +0 robe
 s - a +0 ring mail (melded)
Scrolls
 g - a scroll of magic mapping {unknown}
 j - a scroll of fear {unknown}
 l - 3 scrolls of identify {unknown}
 m - a scroll of remove curse {unknown}
 o - a scroll of enchant weapon {unknown}
 p - a scroll of enchant armour {unknown}
 v - a scroll of noise {unknown}
Potions
 e - a potion of agility {unknown}
 i - a potion of curing {unknown}
 k - 2 potions of haste {unknown}
 n - 2 potions of brilliance {unknown}
 t - a potion of might {unknown}
Comestibles
 c - 3 bread rations
 h - 7 fruits
 q - a meat ration


   Skills:
 - Level 3.6(3.1) Fighting
 * Level 7.7(7.2) Axes
 - Level 2.4(1.9) Dodging
 - Level 1.5(1.1) Stealth


You had 4 spell levels left.
You didn't know any spells.

Dungeon Overview and Level Annotations

Branches:
Dungeon (3/15)

Altars:
Kikubaaqudgha
Yredelemnul


Message History

Okay, than.
As ye read tha scroll labeled AVYOCE BEMPE, it crumbles ta dust.
Ye feel strangely unst'ble.
It was a scroll o' teleportation.
Tha orc hits ye wit' a mace.
* * * LOW HITPOINT WARNIN'
* * * It was a potion o' degeneration.
Thar was somethin' very wrong wit tha liquid.
Ye feel weaken'd.
Ye feel dopey.
Ye feel clumsy.
Ye be feelin' very hungry.
It was a potion o' lignification.
Ye turn inta a tree.
Yer +0 rin' mail melds inta yer body.
Yer roots penetrate tha ground.
Ye feel strangely st'ble.
Tha orc hits ye but does nay damage.
Tha orc priest miscasts a cantrip.
Okay, than.
Okay, than.
Okay, than.
Ye closely miss tha orc.
Tha orc priest calls down tha wrath o' Beogh upon ye.
Beogh smites ye!
Ye die...

#.#........#.'..#.#.#
#.#..........'.#.⌠.#.
#.#.##.o.....'..#.#.#
#.#.......†..#.⌠.#.⌠.
###########.#####.#######.#.#.#
#.........#.#..o.o.....###...#.
#.###.....#.##o##.##...# ######
#.# #.....#.##o##.##...##### #
#.# #.....#.##♣##.##....##.# #
#.# #.....#.##.#..##.......# #
#.# #....#######........#### #
#.# #....###............# # #.#
####...#.###.###....#### #.#
#####.###.###.......# #.#
###.##...##...###.#### #.#
#......_......# #.#... #.#
#...##...##.### #.#.##


You could see an orc priest and 2 orcs.

Vanquished Creatures
  2 vampire bats (D:2)
  2 adders (D:2)
  A worm (D:2)
  3 dart slugs
  A leopard gecko (D:2)
  2 bat skeletons (D:2)
  3 bat zombies (D:2)
  2 giant cockroaches
  5 hobgoblins (D:2)
  2 quokkas (D:2)
  A ball python (D:2)
  3 bats
  3 frilled lizards
  6 goblins
  7 kobolds
  4 rats
47 creatures vanquished.

Notes
Turn   | Place    | Note
-------+----------+-------------------------------------------
     0 | D:1      | Inchmeat the Hill Orc Monk began the quest for the Orb.
     0 | D:1      | Reached XP level 1. HP: 19/19 MP: 1/1
   286 | D:1      | Reached XP level 2. HP: 24/26 MP: 2/2
   586 | D:1      | Reached skill level 5 in Axes
  1060 | D:2      | Reached XP level 3. HP: 29/31 MP: 3/3
  1561 | D:2      | Reached skill level 6 in Axes
  1578 | D:2      | Found a basalt altar of Yredelemnul.
  1738 | D:2      | Reached XP level 4. HP: 39/39 MP: 4/4
  1745 | D:2      | Found an ancient bone altar of Kikubaaqudgha.
  1775 | D:2      | Reached skill level 7 in Axes
  1788 | D:2      | Reached XP level 5. HP: 17/45 MP: 5/5
  2439 | D:2      | Killed from afar by an orc priest

Skill      XL: |  1  2  3  4 |
---------------+-------------+-----
Axes           | 5 6 7 |  7.7
Fighting       | |  3.6
Dodging        | |  2.4
Stealth        | |  1.5

Action                   |  1- 3 |  4- 6 || total
-------------------------+-------+-------++-------
Melee: Hand axe          |   134 |    73 ||   207
  Use: Potion            |       |     2 ||     2
       Scroll            |       |     1 ||     1
 Stab: Sleeping          |     4 |       ||     4
  Eat: Chunk             |     2 |     2 ||     4
Armor: Robe              |    10 |       ||    10
       Ring mail         |    26 |    44 ||    70
       Skin              |       |     1 ||     1
Dodge: Dodged            |    79 |    66 ||   145
